 Dungeon Crawl Stone Soup version 0.24.1-5-g77f818bfca (webtiles) character file.

Game seed: 13759822478123482587, levelgen mode: deterministic

91 Peloso the Skirmisher (level 4, 0/35 HPs)
             Began as a Demonspawn Fighter on Apr 25, 2020.
             Slain by an ooze (1 damage)
             ... on level 2 of the Dungeon.
             The game lasted 00:02:51 (1276 turns).

Peloso the Skirmisher (Demonspawn Fighter)          Turns: 1276, Time: 00:02:52

Health: 0/35       AC:  6    Str: 15 (17) XL:     4   Next: 33%
Magic:  4/4        EV:  7    Int:  8 (10) God:
Gold:   54         SH:  8    Dex: 10 (12) Spells: 3/3 levels left

rFire    . . .     SeeInvis .   a - +0 long sword
rCold    . . .     Gourm    .   c - +0 shield
rNeg     . . .     Faith    .   b - +0 scale mail
rPois    .         Spirit   .   (no helmet)
rElec    .         Reflect  .   (no cloak)
rCorr    .         Harm     .   (no gloves)
MR       .....                  (no boots)
Stlth    +.........             (no amulet)
HPRegen  0.11/turn              (no ring)
MPRegen  0.09/turn              (no ring)

@: hasted, very quick
A: hooves 1, nightstalker 1, rot immunity
a: no special abilities


You were on level 2 of the Dungeon.
You were hungry.

You visited 1 branch of the dungeon, and saw 2 of its levels.

You collected 54 gold pieces.

Inventory:

Hand Weapons
 a - a +0 long sword (weapon)
Armour
 b - a +0 scale mail (worn)
 c - a +0 shield (worn)
Jewellery
 g - an uncursed ring of ice {unknown}
Scrolls
 e - 2 scrolls of teleportation {unknown}
 h - 3 scrolls of identify {unknown}
 i - 4 scrolls of enchant armour {unknown}
Potions
 d - a potion of might
 l - a potion of brilliance {unknown}
Comestibles
 f - 4 rations
 m - a chunk of flesh


   Skills:
 + Level 3.4 Fighting
 + Level 2.7 Long Blades
 + Level 3.3 Armour
 + Level 0.8 Dodging
 + Level 3.1 Shields


You had 3 spell levels left.
You didn't know any spells.
Your spell library contained the following spells:

 Spells                   Type           Power        Failure   Level  Hunger
 Confusing Touch          Hex            #.....       100%        1    ##.....
 Confuse                  Hex            #.......     100%        3    ####...
 Gell's Gravitas          Tloc           #.........   100%        3    ####...
 Petrify                  Tmut/Erth      #.......     100%        4    #####..
 Metabolic Englaciation   Hex/Ice        #.........   100%        5    ######.
 Yara's Violent Unravell  Hex/Tmut       #.........   100%        5    ######.


Dungeon Overview and Level Annotations

Branches:
Dungeon (2/15)

Altars:
Zin


Innate Abilities, Weirdness & Mutations

You have large cloven feet.
You are slightly more attuned to the shadows.
You are immune to rotting.


Message History

The ooze closely misses you.
You riposte.
You hit the ooze. You kick the ooze.
The ooze is heavily wounded.
The kobold hits you but does no damage. The worm closely misses you.
The ooze hits you.
* * * LOW HITPOINT WARNING * * *
Unknown command.
You hit the worm. You kick the worm, but do no damage.
The worm is almost dead.
You block the kobold's attack. The ooze closely misses you. The worm bites you.
* * * LOW HITPOINT WARNING * * *
Unknown command.
It was a potion of degeneration.
There was something very wrong with that liquid.
You feel weakened.
You feel dopey.
You feel clumsy. The kobold barely misses you. You block the ooze's attack.
It was a potion of haste.
You feel yourself speed up. You block the kobold's attack. The worm bites you.
* * * LOW HITPOINT WARNING * * *
The ooze hits you.
You die...

.......(.# .........#
#......># #.......# ##
# #.......#...
####.##.....J.....
......†.†.$@w.##
########.###.....K.....
...#...####.........#..
..#..#..##......#####
.#..#..#_#....#.#
#..#..#.#####.#.#
..###..### #†#.#
########.# ##...#
....#..#.###..#.##


You could see a worm, an ooze and a kobold.

Vanquished Creatures
  A gnoll (D:1)
  2 adders (D:2)
  3 worms (D:2)
  4 dart slugs
  A leopard gecko (D:2)
  8 bats
  2 giant cockroaches (D:1)
  3 goblins
  5 hobgoblins
  8 kobolds
  4 frilled lizards
  7 rats
48 creatures vanquished.

Notes
Turn   | Place    | Note
-------+----------+-------------------------------------------
     0 | D:1      | Peloso the Demonspawn Fighter began the quest for the Orb.
     0 | D:1      | Reached XP level 1. HP: 18/18 MP: 1/1
   236 | D:1      | Gained mutation: You are slightly more attuned to the
                  | shadows. [demonic ancestry]
   236 | D:1      | Reached XP level 2. HP: 23/24 MP: 2/2
   489 | D:1      | Gained mutation: You are immune to rotting. [demonic
                  | ancestry]
   489 | D:1      | Reached XP level 3. HP: 29/29 MP: 3/3
  1069 | D:2      | Gained mutation: You have large cloven feet. [demonic
                  | ancestry]
  1069 | D:2      | Reached XP level 4. HP: 32/35 MP: 4/4
  1173 | D:2      | Found a glowing silver altar of Zin.
  1276 | D:2      | HP: 1/35 [worm (2)]
  1276 | D:2      | Slain by an ooze

Levels and vault maps discovered:
D:1:      roderic_octagonal_star, layout_basic, chequers_decorated_corner
D:2:      layout_rooms, marbit_many_paths

Skill      XL: |  1  2  3 |
---------------+----------+-----
Long Blades    | 2 |  2.7
Armour         | 3 |  3.3
Shields        | 3 |  3.1
Fighting       | |  3.4
Dodging        | |  0.8

Action                   |  1- 3 |  4- 6 || total
-------------------------+-------+-------++-------
Melee: Long sword        |   112 |    22 ||   134
       Kick              |       |    10 ||    10
  Use: Potion            |       |     2 ||     2
 Stab: Sleeping          |     1 |       ||     1
  Eat: Chunk             |       |     1 ||     1
Armor: Scale mail        |    62 |     9 ||    71
Dodge: Dodged            |    52 |     8 ||    60
Block: Shield            |    76 |    11 ||    87
       Rpst.: Long sword |    16 |     1 ||    17
